 Dungeon Crawl Stone Soup version 0.28-a0-233-gb8ca4b6547 (webtiles) character file.

Game seed: 6689148116495721462

335 Shayle the Skirmisher (level 6, -10/47 HPs)
             Began as a Djinni Ice Elementalist on Aug 22, 2021.
             Was an Initiate of Makhleb.
             Mangled by a gnoll sergeant (15 damage)
             ... on level 5 of the Dungeon.
             The game lasted 00:11:23 (5206 turns).

Shayle the Skirmisher (Djinni Ice Elementalist)     Turns: 5206, Time: 00:11:23

Health: -10/47     AC:  3    Str:  7    XL:     6   Next: 84%
Gold:   129        EV: 13    Int: 18    God:    Makhleb [......] SH:  0 Dex: 14

rFire   + + .      SeeInvis .   f - +2 hand axe (elec)
rCold   x . .      Faith    .   (no shield)
rNeg    . . .      Spirit   .   a - +0 robe
rPois   ∞          Reflect  .   (no helmet)
rElec   .          Harm     .   (no cloak)
rCorr   .          Rampage  .   e - +0 pair of gloves
Will    .....                   (boots unavailable)
Stlth   ++........              (no amulet)
HPRegen 0.15/turn               (no ring)
MPRegen 0.00/turn               (no ring)

@: flying, very slightly contaminated, hasted, very quick
A: sickness immunity, fire resistance 2, cold vulnerability 1, float, innate
caster, hp casting, extra vitality 1
a: Renounce Religion


You were on level 5 of the Dungeon.
You worshipped Makhleb.
Makhleb was noncommittal.
You visited 2 branches of the dungeon, and saw 6 of its levels.

You collected 129 gold pieces.

Inventory:

Hand Weapons
 f - a +2 hand axe of electrocution (weapon)
 g - a +4 mace
 i - a +2 long sword of protection
 k - a +2 flail of draining
Missiles
 c - 2 throwing nets
Armour
 a - a +0 robe (worn)
 e - a +0 pair of gloves (worn)
Wands
 m - a wand of flame (13)
Scrolls
 j - a scroll of immolation {unknown}
 n - a scroll of magic mapping {unknown}
 q - 3 scrolls of identify
Potions
 b - a potion of haste
 d - 3 potions of curing {unknown}
 l - 4 potions of flight
 o - a potion of mutation {unknown}
 p - a potion of invisibility {unknown}


   Skills:
 * Level 4.1 Fighting
 + Level 4.0 Dodging
 - Level 2.0 Stealth
 + Level 4.0 Spellcasting
 + Level 0.6 Invocations


You couldn't memorise any spells.
You knew the following spells:

 Your Spells              Type           Power      Damage    Failure   Level
a - Freeze                Ice            72%        1d9       2%          1
b - Frozen Ramparts       Ice            36%        1d5       9%          3
c - Ozocubu's Armour      Ice            18%        N/A       9%          3
d - Hailstorm             Conj/Ice       18%        3d6       26%         4
e - Sandblast             Erth           36%        2d10      2%          1
f - Call Imp              Summ           18%        N/A       4%          2
Your spell library was empty.

Dungeon Overview and Level Annotations

Branches:
Dungeon (5/15)             Temple (1/1) D:4

Altars:
Ashenzari
Kikubaaqudgha
Makhleb
Ru
Trog
Uskayaw
Xom
Yredelemnul
Zin

Shops:
D:4 =


Innate Abilities, Weirdness & Mutations

You are immune to sickness and miasma.
You are immune to poison.
Your flesh is very heat resistant. (rF++)
You are vulnerable to cold. (rC-)
You float through the air rather than walking.
You learn spells naturally, not from books.
Your magical power is your life essence.
You have superior vitality. (+4 HP)


Message History

Casting: Hailstorm (quite dangerous; 26% risk of failure)
Confirm with . or Enter, or press ? or * to list all spells.
Casting: Frozen Ramparts (dangerous; 9% risk of failure)
Press: ? - help, Dir - look around, f - activate The walls around you are covered in ice.
The gnoll shouts!
Unknown command.
Casting: Frozen Ramparts (dangerous; 9% risk of failure)
Confirm with . or Enter, or press ? or * to list all spells.
The spell is quite dangerous to cast (26% risk of failure)!
Continue anyway?
Casting: Hailstorm (quite dangerous; 26% risk of failure)
Press: ? - help, Dir - look around, f - activate You miscast Hailstorm.
You are very lightly contaminated with residual magic.
A wave of violent energy washes through your body.
The wall freezes the gnoll sergeant. x2
The gnoll sergeant hits you from afar with a +2 spear of freezing!
The gnoll sergeant freezes you.
Casting: Hailstorm (quite dangerous; 26% risk of failure)
Confirm with . or Enter, or press ? or * to list all spells.
The spell is quite dangerous to cast (26% risk of failure)!
Continue anyway?
Casting: Hailstorm (quite dangerous; 26% risk of failure)
Press: ? - help, Dir - look around, f - activate A cannonade of hail descends around you!
The hail pelts the gnoll sergeant!
The gnoll sergeant is heavily wounded.
The wall freezes the gnoll sergeant.
The gnoll sergeant hits you from afar with a +2 spear of freezing!
* * * LOW HITPOINT WARNING * * *
The gnoll sergeant freezes you.
* * * LOW HITPOINT WARNING * * *
Unknown command.
Okay, then.
Your frozen ramparts will break if you move.
Continue?
The frozen ramparts melt away as you move.
Things that are here:
a +0 flail; a gnoll skeleton You feel yourself speed up.
The gnoll sergeant hits you from afar with a +2 spear of freezing!
You die...

############
#......@)g.#
#.########g# #.#
.# ##.########.#
#.#.........#g#
#.#..######.#.#
#.#.......#.#.#
####.#....<....#.#
......>..#######


You could see a gnoll sergeant and a gnoll.

Vanquished Creatures
  2 hounds
  Terence (D:3)
  Natasha (thrice) (D:3)
  An adder (D:2)
  4 gnolls
  An ufetubus (D:4)
  2 adder skeletons (D:4)
  3 worms
  A dart slug (D:1)
  2 orcs
  4 ball pythons
  2 bats
  10 endoplasms
  A giant cockroach (D:1)
  11 hobgoblins
  4 jackals
  A quokka (D:4)
  A frilled lizard (D:1)
  4 goblins
  4 kobolds
  2 rats (D:1)
64 creatures vanquished.

Vanquished Creatures (collateral kills)
  A necrophage (D:5)
  2 goblins (D:4)
  A ball python (D:4)
4 creatures vanquished.

Grand Total: 68 creatures vanquished

Notes
Turn   | Place    | Note
-------+----------+-------------------------------------------
     0 | D:1      | Shayle the Djinni Ice Elementalist began the quest for the
                  | Orb.
     0 | D:1      | Reached XP level 1. HP: 15/15 MP: 0/0
   317 | D:1      | Reached XP level 2. HP: 8/22 MP: 0/0
  1086 | D:1      | Reached skill level 1 in Fighting
  1166 | D:1      | Found a faded altar of an unknown god.
  1220 | D:1      | Reached XP level 3. HP: 17/27 MP: 0/0
  1220 | D:1      | Learned a level 1 spell: Sandblast
  1925 | D:2      | Reached XP level 4. HP: 31/33 MP: 0/0
  2774 | D:3      | Reached XP level 5. HP: 35/39 MP: 0/0
  2774 | D:3      | Learned a level 2 spell: Call Imp
  2876 | D:3      | Noticed Natasha
  2885 | D:3      | Killed Natasha
  2949 | D:3      | Noticed Terence
  2956 | D:3      | Killed Terence
  3493 | D:3      | Noticed Natasha
  3510 | D:3      | Killed Natasha
  3625 | D:3      | Noticed Natasha
  3628 | D:3      | Killed Natasha
  3629 | D:3      | Reached XP level 6. HP: 41/46 MP: 0/0
  3887 | D:4      | Found a staircase to the Ecumenical Temple.
  3893 | Temple   | Entered the Ecumenical Temple
  4031 | Temple   | Became a worshipper of Makhleb the Destroyer
  4405 | D:4      | Found Ybexonn's Jewellery Shop.
  4775 | D:5      | Entered Level 5 of the Dungeon
  4792 | D:5      | Noticed a necrophage
  4814 | D:5      | Killed a necrophage
  5206 | D:5      | Mangled by a gnoll sergeant

Illustrated notes

Levels and vault maps discovered:
D:1:      lightli_arrival_maybe_door_vault, layout_loops_cross,
          hellmonk_ecumenical_altar_heavens_door, hangedman_decor_push,
          corexii_leaking_fountain, grunt_decor_fettered, minmay_heptomino_l4
D:2:      layout_basic
D:3:      layout_loops_ring, grunt_ministairs_13, uniq_terence, uniq_natasha
D:4:      layout_basic, minmay_temple_entry_enclosed_plants, serial_shops,
          nicolae_square_shop, minmay_misc_feat_square
D:5:      layout_basic
Temple:   roderic_octagonal_lattice_temple

Skill      XL: |  1  2  3  4  5  6 |
---------------+-------------------+-----
Stealth        | 2 |  2.0
Fighting       | 1 2 3 4 |  4.1
Dodging        | 3 4 |  4.0
Spellcasting   | 4 |  4.0
Invocations    | |  0.6

Action                   |  1- 3 |  4- 6 || total
-------------------------+-------+-------++-------
Melee: Hand axe          |    14 |    55 ||    69
 Cast: Freeze            |    32 |    16 ||    48
       Frozen Ramparts   |     2 |    20 ||    22
       Ozocubu's Armour  |       |     1 ||     1
       Call Imp          |       |     7 ||     7
       Hailstorm         |       |     1 ||     1
  Use: Scroll            |     3 |     2 ||     5
       Potion            |     1 |     1 ||     2
 Stab: Sleeping          |       |     1 ||     1
       Distracted        |       |     1 ||     1
Armor: Robe              |     9 |    12 ||    21
Dodge: Dodged            |    19 |    45 ||    64

Table legend: (Time is in decaauts)
 A = Elapsed time spent in this place.
 B = Non-inter-level travel time spent in this place.
 C = Inter-level travel time spent in this place.
 D = Time resting spent in this place.
 E = Time spent auto-exploring this place.
 F = Levels seen in this place.
 G = Mean time per level.
                   A        B        C        D        E       F      G
               +--------+--------+--------+--------+--------+-----+--------+
         Total |   5205 |   5037 |    168 |   1083 |   3102 |   6 |  867.5 |
       Dungeon |   5051 |   4899 |    152 |   1083 |   2991 |   5 | 1010.2 |
        Temple |    154 |    138 |     16 |      0 |    111 |   1 |  154.0 |
               +--------+--------+--------+--------+--------+-----+--------+

Top non-repeatable levels by time:
     D:1: 1468 daAuts
     D:3: 1220 daAuts
     D:4: 1166 daAuts
     D:2: 1008 daAuts
     D:5: 188 daAuts
  Temple: 154 daAuts
